 Dungeon Crawl Stone Soup version 0.17-a0-1778-gd369669 (webtiles) character file.

4639 Medar the Martial Artist (level 10, 0/63 HPs)
             Began as an Octopode Transmuter on Sept 8, 2015.
             Was a Believer of Vehumet.
             Slain by a quasit (1 damage)
             ... on level 9 of the Dungeon.
             The game lasted 00:44:33 (13785 turns).

Medar the Martial Artist (Octopode Transmuter)     Turns: 13785, Time: 00:44:33

Health: 0/63       AC:  1    Str: 10    XL:     10   Next: 43%
Magic:  21/21      EV: 19    Int: 18    God:    Vehumet [**....]
Gold:   523        SH:  0    Dex: 16    Spells: 7 memorised, 6 levels left

rFire  . . .     SeeInvis .     a - +3 whip (elec)
rCold  . . .     Clarity  .     (no shield)
rNeg   . . .     SustAt   +     (helmet restricted)
rPois  .         Gourm    .     j - amulet of resist corrosion
rElec  .         Spirit   .     p - ring of sustain attributes
rCorr  +         Warding  .     (no ring)
rMut   .         Stasis   .     (no ring)
MR     .....                    (no ring)
Stlth  +++++.....               (no ring)
                                (no ring)
                                (no ring)
                                (no ring)

@: agile, very slightly contaminated, not resistant to hostile enchantments,
quite stealthy
A: almost no armour, amphibious, 8 rings, constrict 8, camouflage 1, clumsy 1,
mutation resistance 1, gelatinous body 1
a: Renounce Religion


You were on level 9 of the Dungeon.
You worshipped Vehumet.
Vehumet was pleased with you.
You were very hungry.

You visited 2 branches of the dungeon, and saw 10 of its levels.

You collected 523 gold pieces.

Inventory:

Hand weapons
 a - a +3 whip of electrocution (weapon)
 A - a +0 triple sword
Missiles
 g - 43 poisoned needles
 v - 22 arrows
 x - 6 curare-tipped needles
 F - a throwing net {=f =F}
 J - 4 poisoned arrows
Jewellery
 d - an uncursed ring of teleportation
 j - an amulet of resist corrosion (around mantle)
 p - a ring of sustain attributes (left tentacle)
Magical devices
 o - a wand of frost (41)
 q - a wand of lightning (5)
 r - a wand of flame (7)
 s - a wand of disintegration (2)
 u - a wand of confusion (22)
 w - a wand of confusion (20)
 y - a wand of magic darts (22)
 B - a wand of frost (42)
 C - a wand of draining (9)
 E - a wand of fire (2)
 I - a wand of digging (6)
Scrolls
 f - a scroll of remove curse {@r1}
 h - 2 scrolls of amnesia
 i - 2 scrolls of recharging
 n - 3 scrolls of fog
 D - a scroll of teleportation
Potions
 e - 2 potions of flight
 k - a potion of invisibility
 l - a potion of cure mutation {!q}
 m - a potion of brilliance
Books
 b - a book of Changes

   Spells                             Type                      Level
   a - Beastly Appendage              Transmutation                1
   b - Sticks to Snakes               Transmutation                2
   c - Spider Form                    Transmutation/Poison         3
   d - Ice Form                       Ice/Transmutation            4
   e - Blade Hands                    Transmutation                5
Comestibles
 c - 9 bread rations {@e1}
 G - 5 beef jerkies


   Skills:
 - Level 3.2 Fighting
 - Level 3.6 Dodging
 - Level 4.0 Stealth
 - Level 8.4 Unarmed Combat
 - Level 7.3 Spellcasting
 * Level 1.0 Conjurations
 - Level 7.7 Transmutations
 - Level 3.3 Ice Magic
 + Level 0.2 Air Magic
 - Level 2.0 Poison Magic


You had 6 spell levels left.
You knew the following spells:

 Your Spells              Type           Power        Failure   Level  Hunger
c - Shock                 Conj/Air       #...         12%         1    None
d - Sticks to Snakes      Trmt           ####......   1%          2    None
f - Spider Form           Trmt/Pois      ###.......   4%          3    #......
g - Ice Form              Ice/Trmt       ####....     14%         4    ###....
h - Blade Hands           Trmt           ####......   14%         5    #####..
s - Beastly Appendage     Trmt           ####..       1%          1    None
x - Freeze                Ice            ###.         2%          1    None


Dungeon Overview and Level Annotations

Branches:
Dungeon (9/15)             Temple (1/1) D:5            Lair (0/8) D:9
    Orc: D:9-12

Altars:
Ashenzari
Dithmenos
Elyvilon
Fedhas
Gozag
Kikubaaqudgha
Makhleb
Nemelex Xobeh
Okawaru
Qazlal
Ru
Sif Muna
Trog
Vehumet
Xom
Yredelemnul
Zin
The Shining One

Shops:
D:8 *


Innate Abilities, Weirdness & Mutations

You cannot wear most types of armour.
You are amphibious.
You can wear up to eight rings at the same time.
You can use your tentacles to constrict eight enemies at once.
Your skin changes colour to match your surroundings (Stealth).
Your rubbery body absorbs attacks (AC +1).
You are clumsy. (Dex -2)
You are somewhat resistant to further mutation.


Message History

You barely miss the quasit. Your grab misses the quasit.
Your tentacle-slap misses the quasit.
The quasit closely misses you. The quasit closely misses you.
The quasit claws you.
* * * LOW HITPOINT WARNING * * *
Read which item? (? for menu, Esc to quit)
Okay, then.
Press: ? - help, v - describe, . - travel
Here: a quasit (blue smoke)
The floor.
Press: ? - help, v - describe, . - travel
Here: a quasit (blue smoke)
The floor.
Evoke which item? (* to show all) (? for menu, Esc to quit)
Zapping:
s - a wand of disintegration {zapped: 7} (will waste charges)
Press: ? - help, Shift-Dir - straight line, f/p - quasit
Aim: a quasit (blue smoke, chance to defeat MR: 73%)
The quasit struggles to resist.
Evoking this partially-identified wand wasted a few charges.
The quasit bites you.
You die...

#...........#.#########.##
#.#.......#o#............##
.#.#.#...#.#.#.............#
.#.#.#.#.#.#.#..#######..#.###
.#.#.#.#.#.#.#.## ###.......#
.#.#.#...#.#.#.## #.........##
.#.#.......#.#..####.._.........#
.#...........#.§##§§.........#...
........#......§@5§#....8........
###.##.######.##§###...........##
.......# #..§§# ##....._....#
######## ##.### #.........## #
#.# ##....!#### .. #.# #.##..#
#.# .# ..##.####### #.# ## ##
###........ #..9 #. #...!....


You could see a quasit.

Vanquished Creatures
  Pikel (D:5)
  The ghost of dadoka the Insei, an experienced OpTm of Vehumet (D:4)
  Grinder (D:4)
  Prince Ribbit (D:5)
  Sigmund (D:4)
  Eustachio (D:5)
  A hippogriff (D:7)
  2 phantoms
  2 ice beasts
  2 sky beasts
  A black bear (D:6)
  A slave (D:5)
  2 ogres
  2 centaurs
  3 giant frogs
  5 killer bees (D:8)
  A scorpion (D:5)
  4 hounds
  4 crimson imps
  4 iguanas
  2 centaur zombies
  Crazy Yiuf (D:5)
  A giant frog skeleton (D:7)
  A giant frog zombie (D:7)
  5 orc priests
  6 orc wizards
  Natasha (thrice) (D:3)
  3 worker ants
  A hound zombie (D:7)
  Robin (D:4)
  2 gnolls (D:8)
  11 adders
  2 oozes
  An adder zombie (D:5)
  2 adder skeletons
  2 worms
  5 giant geckos
  29 orcs
  2 ball pythons (D:1)
  A bat (D:3)
  8 giant cockroaches
  9 hobgoblins
  2 jackals (D:7)
  5 kobolds
  5 quokkas
  A giant cockroach zombie (D:6)
  A giant gecko skeleton (D:4)
  5 giant newts
  19 goblins
  A jackal skeleton (D:6)
  A quokka skeleton (D:4)
  10 rats
188 creatures vanquished.

Vanquished Creatures (collateral kills)
  Duvessa (D:5)
  3 ogres
  Dowan (D:5)
  An orc wizard (D:4)
  A gnoll (D:8)
  An adder (D:3)
  A worm (D:2)
  2 orcs
  A giant cockroach (D:5)
  2 goblins (D:4)
14 creatures vanquished.

Grand Total: 202 creatures vanquished

Notes
Turn   | Place    | Note
--------------------------------------------------------------
     0 | D:1      | Medar the Octopode Transmuter began the quest for the Orb.
     0 | D:1      | Reached XP level 1. HP: 13/13 MP: 3/3
   220 | D:1      | Reached XP level 2. HP: 18/18 MP: 3/5
   224 | D:1      | Learned a level 2 spell: Sticks to Snakes
   449 | D:1      | Reached skill level 4 in Unarmed Combat
   471 | D:1      | Reached XP level 3. HP: 21/23 MP: 4/6
   793 | D:2      | Learned a level 3 spell: Spider Form
  1347 | D:2      | Reached skill level 1 in Poison Magic
  1606 | D:3      | Reached XP level 4. HP: 25/28 MP: 5/7
  1632 | D:3      | Noticed Natasha
  1915 | D:3      | Killed Natasha
  1915 | D:3      | Reached skill level 5 in Unarmed Combat
  1915 | D:3      | Reached XP level 5. HP: 18/33 MP: 4/8
  2639 | D:3      | Noticed Natasha
  2644 | D:3      | Killed Natasha
  2789 | D:3      | Reached XP level 6. HP: 38/38 MP: 7/9
  2974 | D:4      | Noticed dadoka's ghost (experienced OpTm)
  3025 | D:4      | Found an ancient bone altar of Kikubaaqudgha.
  3134 | D:4      | Reached skill level 1 in Stealth
  3351 | D:3      | Noticed Natasha
  3454 | D:4      | Found a shattered altar of Ashenzari.
  3455 | D:4      | Noticed Grinder
  3492 | D:4      | Noticed Robin
  3636 | D:3      | Killed Natasha
  4137 | D:4      | Noticed Sigmund
  4286 | D:4      | Found a blossoming altar of Fedhas.
  4336 | D:4      | Killed Robin
  4401 | D:4      | Gained mutation: You are weak. (Str -2) [potion of mutation]
  4401 | D:4      | Lost mutation: You are weak. (Str -2) [potion of mutation]
  4401 | D:4      | Gained mutation: You are clumsy. (Dex -2) [potion of mutation]
  4849 | D:5      | Entered Level 5 of the Dungeon
  4890 | D:5      | Reached XP level 7. HP: 38/45 MP: 3/10
  4938 | D:5      | Found a glowing silver altar of Zin.
  4938 | D:5      | Found a white marble altar of Elyvilon.
  4938 | D:5      | Found a glowing golden altar of the Shining One.
  4960 | D:5      | Noticed Duvessa
  5089 | D:5      | Noticed Eustachio
  5092 | D:5      | Reached skill level 6 in Unarmed Combat
  5133 | D:5      | Killed Eustachio
  5706 | D:5      | Reached skill level 7 in Unarmed Combat
  6233 | D:5      | Reached skill level 8 in Unarmed Combat
  6233 | D:5      | Reached XP level 8. HP: 51/51 MP: 9/11
  6247 | D:5      | Learned a level 4 spell: Ice Form
  6478 | D:5      | Noticed Prince Ribbit
  6692 | D:5      | Found a staircase to the Ecumenical Temple.
  6698 | Temple   | Entered the Ecumenical Temple
  6716 | Temple   | Became a worshipper of Vehumet
  7052 | D:5      | Killed Prince Ribbit
  7052 | D:5      | Reached skill level 5 in Transmutations
  7120 | D:5      | Noticed Dowan
  7162 | D:5      | Noticed Crazy Yiuf
  7172 | D:5      | Killed Crazy Yiuf
  7366 | D:6      | Reached skill level 1 in Ice Magic
  7615 | D:6      | Found a shimmering altar of Xom.
  7932 | D:6      | Found a runed door.
  7935 | D:6      | Found a basalt altar of Yredelemnul.
  8267 | D:7      | Found a sparkling altar of Nemelex Xobeh.
  8400 | D:7      | Reached XP level 9. HP: 45/55 MP: 12/12
  8526 | D:7      | Found an iron altar of Okawaru.
  8611 | D:7      | Gained mutation: You are somewhat resistant to further mutation. [potion of mutation]
  8627 | D:7      | Acquired Vehumet's first power
  8627 | D:7      | Offered knowledge of Freeze by Vehumet.
  8676 | D:7      | Learned a level 1 spell: Freeze
  8682 | D:7      | Learned a level 5 spell: Blade Hands
  9873 | D:8      | Found Fuplixu's Demolitions Depot.
 10573 | D:9      | Found a staircase to the Lair.
 11019 | D:9      | Noticed a centaur zombie
 11035 | D:9      | Killed a centaur zombie
 11035 | D:9      | Reached skill level 5 in Spellcasting
 11171 | D:9      | Noticed a gargoyle
 11386 | D:5      | Killed Duvessa
 11388 | D:5      | Killed Dowan
 11621 | D:5      | Noticed Pikel
 11664 | D:5      | Killed Pikel
 11664 | D:5      | Reached XP level 10. HP: 26/61 MP: 17/21
 11893 | D:4      | Killed Grinder
 12185 | D:4      | Killed Sigmund
 12490 | D:4      | Found a shattered altar of Ashenzari.
 12697 | D:4      | Found a blossoming altar of Fedhas.
 12782 | D:4      | Killed dadoka's ghost
 13358 | D:8      | Offered knowledge of Shock by Vehumet.
 13368 | D:8      | Learned a level 1 spell: Shock
 13731 | D:9      | Found a deep blue altar of Sif Muna.
 13734 | D:9      | Found a stormy altar of Qazlal.
 13739 | D:9      | Reached skill level 1 in Conjurations
 13764 | D:9      | HP: 2/63 [orc warrior/war axe (20)]
 13782 | D:9      | HP: 3/63 [quasit (1)]
 13784 | D:9      | HP: 1/63 [quasit (1)]
 13785 | D:9      | Slain by a quasit

Vault maps used:
D:1:      dpeg_arrival_another_circle, st_stairs_7, kennysheep_doodads, hex_tiny
D:3:      uniq_natasha
D:4:      ashenzari_altar_1, kiku_gazebo_pond_becter, overflow_temple_1_default,
          minmay_misc_feat_cross, st_stairs_2, uniq_grinder, uniq_sigmund,
          uniq_robin
D:5:      good_gods_mini_temple, minmay_temple_entry_fiery, first_bread,
          uniq_duvessa, uniq_crazy_yiuf_cottage, uniq_eustachio, uniq_pikel,
          uniq_prince_ribbit1
D:6:      kennysheep_mini_moat, dk_yredelemnul_ordeal
D:7:      nemelex_deck, okawaru_trees_1
D:8:      grunt_ogre_cave, nicolae_blasting_shop
D:9:      nicolae_overflow_crystal_walls, grunt_temple_overflow_open,
          lair_0_dummy, eino_tiny_chamber, roderic_filled_cross,
          minmay_misc_feat_more_columns
Temple:   temple_island_7

Action                   |  1- 3 |  4- 6 |  7- 9 | 10-12 || total
-------------------------+-------+-------+-------+-------++-------
Melee: Unarmed           |    82 |   131 |   212 |    35 ||   460
       Whip              |       |       |    34 |    36 ||    70
Throw: Throwing net      |       |       |       |     1 ||     1
 Cast: Beastly Appendage |    21 |     3 |     8 |       ||    32
       Sticks to Snakes  |     2 |    14 |    25 |     4 ||    45
       Spider Form       |       |    12 |    13 |       ||    25
       Ice Form          |       |       |     6 |     3 ||     9
       Freeze            |       |       |     7 |    11 ||    18
       Blade Hands       |       |       |       |     5 ||     5
 Abil: End Transformatio |       |     2 |     2 |       ||     4
Evoke: Wand              |       |       |     5 |     1 ||     6
  Use: Scroll            |     4 |     7 |    11 |     3 ||    25
       Potion            |       |     1 |     5 |     2 ||     8
 Stab: Sleeping          |     3 |     4 |    17 |       ||    24
       Distracted        |     1 |     1 |       |       ||     2
  Eat: Chunk             |     2 |    12 |    15 |     9 ||    38
       Beef jerky        |       |     1 |     1 |     1 ||     3
       Meat ration       |       |       |     1 |       ||     1
       Royal jelly       |       |       |     2 |       ||     2
